 Dungeon Crawl Stone Soup version 0.24.1-14-gf8d2b509d9 (console) character file.

Game seed: 15586363161802699429, levelgen mode: deterministic

4 Kagalorn the Thaumaturge (level 1, 0/13 HPs)
             Began as a Gnoll Wanderer on July 15, 2021.
             Slain by a jackal (1 damage)
             ... on level 1 of the Dungeon.
             The game lasted 00:01:13 (390 turns).

Kagalorn the Thaumaturge (Gnoll Wanderer)            Turns: 390, Time: 00:01:13

Health: 0/13       AC:  2    Str: 13    XL:     1   Next: 60%
Magic:  10/10      EV: 11    Int: 13    God:
Gold:   0          SH:  0    Dex: 16    Spells: 18/18 levels left

rFire    . . .     SeeInvis .   a - +0 dagger
rCold    . . .     Gourm    .   (no shield)
rNeg     . . .     Faith    .   c - +0 robe
rPois    .         Spirit   .   (no helmet)
rElec    .         Reflect  .   (no cloak)
rCorr    .         Harm     .   (no gloves)
MR       .....                  (no boots)
Stlth    ++........             (no amulet)
HPRegen  0.04/turn              (no ring)
MPRegen  0.12/turn              (no ring)

@: no status effects
A: distributed training, fangs 1, strong nose
a: no special abilities


You were on level 1 of the Dungeon.
You were not hungry.

You visited 1 branch of the dungeon, and saw 1 of its levels.

Inventory:

Hand Weapons
 a - a +0 dagger (weapon)
Missiles
 b - 14 stones (quivered)
 d - 4 sling bullets
 e - 20 arrows
Armour
 c - a +0 robe (worn)
Comestibles
 f - a ration


   Skills:
 + Level 0.0 Fighting
 + Level 0.0 Short Blades
 + Level 0.0 Long Blades
 + Level 0.0 Axes
 + Level 0.0 Maces & Flails
 + Level 0.0 Polearms
 + Level 0.0 Staves
 + Level 0.0 Slings
 + Level 0.0 Bows
 + Level 0.0 Crossbows
 + Level 0.0 Throwing
 + Level 0.0 Armour
 + Level 0.0 Dodging
 + Level 2.1 Stealth
 + Level 2.3 Shields
 + Level 0.0 Unarmed Combat
 + Level 9.2 Spellcasting
 + Level 0.0 Conjurations
 + Level 0.0 Hexes
 + Level 5.3 Charms
 + Level 0.0 Summonings
 + Level 0.0 Necromancy
 + Level 0.0 Translocations
 + Level 1.9 Transmutations
 + Level 0.0 Fire Magic
 + Level 0.0 Ice Magic
 + Level 0.0 Air Magic
 + Level 0.0 Earth Magic
 + Level 0.0 Poison Magic
 + Level 0.1 Invocations
 + Level 0.0 Evocations


You had 18 spell levels left.
You didn't know any spells.
Your spell library contained the following spells:

 Spells                   Type           Power        Failure   Level  Hunger
 Sandblast                Erth           #.....       12%         1    None
 Summon Small Mammal      Summ           #...         12%         1    None
 Passwall                 Tmut/Erth      #.......     12%         2    None
 Stone Arrow              Conj/Erth      #.....       34%         3    ##.....
 Summon Guardian Golem    Hex/Summ       #.......     34%         3    ##.....
 Petrify                  Tmut/Erth      #.......     63%         4    ####...
 Lee's Rapid Deconstruct  Erth           #.........   97%         5    #####..


Dungeon Overview and Level Annotations

Branches:
Dungeon (1/15)

Altars:


Innate Abilities, Weirdness & Mutations

Your experience applies equally to all skills.
You have very sharp teeth.
Your uncanny sense of smell can sniff out nearby items.


Message History

The jackal bites you.
You hit the jackal but do no damage.
The jackal is moderately wounded.
The jackal bites you.
You closely miss the jackal.
The jackal is moderately wounded.
The jackal misses you. The jackal bites you.
You hit the jackal but do no damage.
The jackal is moderately wounded.
The jackal closely misses you.
You barely miss the jackal.
The jackal is moderately wounded.
The jackal bites you. The jackal completely misses you.
You closely miss the jackal. The jackal bites you.
* * * LOW HITPOINT WARNING * * *
You closely miss the jackal. The jackal closely misses you.
You hit the jackal.
The jackal is moderately wounded.
The jackal bites you.
You die...

#♣.#≈♣[♣.♣♣#♣#
#............# #
##...........# #.
♣..###+###..#
#..♣♣.(#.....#^.##
#.♣...#÷<...#...♣♣
#.♣..'P....#..#.♣
♣♣÷..#.....#...♣#
♣#.@#.....#..♣# ∆
♣.h#######..♣
#...........#
♣...........♣
###♣♣.♣.♣#♣♣≈#
##.♣# ... ♣## ....
##.... .###


You could see a jackal.

Vanquished Creatures
  A hobgoblin (D:1)
  2 jackals (D:1)
3 creatures vanquished.

Notes
Turn   | Place    | Note
-------+----------+-------------------------------------------
     0 | D:1      | Reached skill level 9 in Spellcasting
     0 | D:1      | Kagalorn the Gnoll Wanderer began the quest for the Orb.
     0 | D:1      | Kagalorn set off with the following items: a +0 dagger, a
                  | +0 robe, a ration; and the following spells available to
                  | memorise: Sandblast, Summon Small Mammal, Passwall, Stone
                  | Arrow, Summon Guardian Golem, Petrify, Lee's Rapid
                  | Deconstruction
     0 | D:1      | Reached XP level 1. HP: 13/13 MP: 10/10
   390 | D:1      | Slain by a jackal

Levels and vault maps discovered:
D:1:      saegor_arrival_under_anarchy, layout_basic

Skill      XL: | |
---------------+-+-----
Spellcasting   | |  9.2
Stealth        | |  2.1
Shields        | |  2.3
Charms         | |  5.3
Transmutations | |  1.9
Invocations    | |  0.1

Action                   || total
-------------------------++-------
Melee: Dagger            ||    32
       Bite              ||     4
Armor: Robe              ||     2
Dodge: Dodged            ||    24
